Penguins vs Sound Tigers
Created - December 24, 2023 at 10:36
Goals
|
| Penguins |
0 |
1 |
2 |
0 |
0 |
3 |
| Sound Tigers |
0 |
1 |
2 |
0 |
2 |
4 |
|
Shots
|
| Penguins |
8 |
12 |
10 |
3 |
2 |
33 |
| Sound Tigers |
8 |
13 |
8 |
1 |
2 |
30 |
|
1st period
No Goal
Penalties :
Austin Watson (BRI) for Hooking (Minor) at 12:46
2nd period
1. Penguins , Mathew Barzal 15 (Gavin Bayreuther 34, Adam Brooks 13) at 2:18 (PP)
2. Sound Tigers , Jordan Greenway 17 (Austin Watson 15) at 6:42
Penalties :
Austin Watson (BRI) for Slashing (Minor) at 1:50, Oliver Kylington (BRI) for Tripping (Minor) at 10:15, Jordan Greenway (BRI) for Roughing (Minor) at 18:21
3rd period
3. Penguins , Iven Barbashev 16 (Gavin Bayreuther 35, Jeremy Swayman) at 14:52 (PP)
4. Sound Tigers , Joe Labate 13 (Jordan Greenway 24, Austin Watson 16) at 15:08
5. Penguins , Eetu Luostarinen 10 (Max Gortz 6, Gavin Bayreuther 36) at 16:20
6. Sound Tigers , Joe Labate 14 (Slater Koekkoek 9, Austin Watson 17) at 18:14 (PP)
Penalties :
Oliver Kylington (BRI) for Roughing (Double Minor) at 6:31, Matthew Finn (Wil) for Interference (Minor) at 11:55, Garret Pilon (BRI) for Tripping (Minor) at 14:28, Jeff Malott (Wil) for High sticking (Minor) at 17:57
Overtime #1
No Goal
Penalties :
No Penalty
Shootout
Penguins, Mathew Barzal - Shot Misses the Net
Sound Tigers, Jordan Greenway - Goal!
Penguins, Iven Barbashev - Stopped by Charlie Lindgren
Sound Tigers, Ben Thomson - Goal!
Penalties :
No Penalty
Goalie Stats
Jeremy Swayman (Wil), 27 saves from 30 shots - (0.900), OTL, 11-5-1, 65:00 minutes
Charlie Lindgren (BRI), 30 saves from 33 shots - (0.909), W, 17-8-0, 65:00 minutes
Players Stats for Penguins
Player Name G A P +/- PIM S H SB GA TA FO MP PP MP PK MP
------------------------------------------------------------------------------------
Adam Brooks 0 1 1 -1 0 2 4 0 0 0 15/27 23:16 5:41 1:20
Austin Strand 0 0 0 0 0 0 0 0 0 0 0/0 11:31 0:37 0:15
Dakota Mermis 0 0 0 -1 0 1 1 0 0 1 0/0 30:15 6:03 1:22
Denis Malgin 0 0 0 0 0 1 1 0 2 0 6/13 17:59 4:04 0:17
Eetu Luostarinen 1 0 1 0 0 3 1 0 0 1 1/1 20:02 4:10 0:41
Gavin Bayreuther 0 3 3 -1 0 3 3 1 2 3 0/0 31:20 6:03 1:22
Iven Barbashev 1 0 1 -1 0 6 1 2 0 0 2/7 23:44 5:31 1:20
Jeff Malott 0 0 0 0 2 1 1 1 1 1 0/0 11:45 0:52 0:15
Jesper Boqvist 0 0 0 0 0 0 1 0 0 0 0/0 8:29 1:06 0:00
John Marino 0 0 0 0 0 1 0 1 0 0 0/0 20:22 4:08 0:39
Kevin Stenlund 0 0 0 0 0 0 1 1 0 0 1/2 7:36 0:00 0:00
Mathew Barzal 1 0 1 -1 0 6 1 1 0 0 1/6 22:29 5:32 0:00
Matthew Finn 0 0 0 0 2 2 0 2 0 2 0/0 19:21 4:08 0:00
Max Gortz 0 1 1 0 0 3 3 3 0 0 0/0 19:51 4:04 0:24
Noah Dobson 0 0 0 0 0 1 0 0 0 0 0/0 12:10 0:37 0:54
Philipp Kurashev 0 0 0 0 0 1 0 0 0 0 7/10 11:27 0:22 0:15
Sam Kurker 0 0 0 0 0 2 1 0 2 0 1/3 13:29 1:02 0:00
Sampo Ranta 0 0 0 0 0 0 1 0 0 0 0/0 7:36 0:00 0:00
Players Stats for Sound Tigers
Player Name G A P +/- PIM S H SB GA TA FO MP PP MP PK MP
------------------------------------------------------------------------------------
Alex Belzile 0 0 0 -1 0 1 0 0 1 0 0/0 14:15 0:58 0:00
Alexander Yelesin 0 0 0 -1 0 1 2 0 0 0 0/0 18:54 0:50 4:32
Austin Watson 0 3 3 2 4 3 4 0 1 0 1/2 19:06 1:18 0:41
Ben Thomson 0 0 0 -1 0 1 4 0 0 0 4/6 19:05 0:58 4:15
Brett Connolly 0 0 0 0 0 0 1 1 0 0 0/1 12:02 0:00 0:00
Filip Zadina 0 0 0 0 0 0 0 1 1 0 0/0 9:28 0:00 2:01
Garret Pilon 0 0 0 0 2 1 1 0 0 0 1/4 7:39 0:00 0:00
Jakub Galvas 0 0 0 0 0 1 1 1 0 0 0/0 15:14 0:00 2:18
Joe Labate 2 0 2 2 0 7 0 0 0 1 16/34 24:04 1:18 5:38
Jordan Greenway 1 1 2 2 2 2 3 0 1 0 2/2 23:32 1:18 4:27
Nick Blankenburg 0 0 0 -1 0 0 2 2 0 2 0/0 17:23 0:50 3:01
Oliver Kylington 0 0 0 2 6 2 2 2 2 2 0/0 28:34 1:26 3:17
Pavel Kraskovsky 0 0 0 -1 0 4 0 2 1 0 9/14 18:03 0:58 3:48
Rhett Gardner 0 0 0 0 0 0 0 0 0 1 2/6 12:59 0:00 1:22
Ross Colton 0 0 0 0 0 1 1 0 0 0 0/0 7:40 0:00 0:00
Simon Benoit 0 0 0 0 0 1 1 5 0 0 0/0 13:59 0:00 1:40
Slater Koekkoek 0 1 1 2 0 3 0 2 1 1 0/0 30:25 1:26 6:07
Tyrell Goulbourne 0 0 0 0 0 2 1 1 0 0 0/0 11:44 0:00 0:05
3 Stars
1 - Joe Labate (BRI)
2 - Jordan Greenway (BRI)
3 - Austin Watson (BRI)
Power Play
Penguins - 2 on 7 Attempt(s) - 28.57%
Sound Tigers - 1 on 2 Attempt(s) - 50.00%
Penalty Kill
Penguins - 1 on 2 Attempt(s) - 50.00%
- Score 0 goal in Penalty Kill
Sound Tigers - 5 on 7 Attempt(s) - 71.43%
- Score 0 goal in Penalty Kill
Team Stat
Penguins - Hits : 20 - Faceoff Wins : 34 - Blocked Shots : 12 - Penalty Minutes : 4
Sound Tigers - Hits : 23 - Faceoff Wins : 35 - Blocked Shots : 17 - Penalty Minutes : 14
Official
Referees : Furman South and Garrett Rank
Linesman : Ryan Daisy and Kyle Flemington
Game Notes
No Game Note
Finance
Level 1 -- Attendance: 1897 (94.85%) -- Ticket Income $132,790
Level 2 -- Attendance: 862 (86.20%) -- Ticket Income $34,480
Total Attendance: 2759 (91.97%)
Total Ticket Income: $167,270
Other Income: $8,364
Total Income: $175,634
Penguins
5 vs 5 Forward
Center Left Wing Right Wing Time % Phy DF OF
1 Adam Brooks Iven Barbashev Mathew Barzal 40 1 2 2
2 Denis Malgin Eetu Luostarinen Max Gortz 30 1 2 2
3 Philipp Kurashev Jeff Malott Sam Kurker 20 1 2 2
4 Kevin Stenlund Sampo Ranta Jesper Boqvist 10 1 2 2
5 vs 5 Defense
Defense Defense Time % Phy DF OF
1 Gavin Bayreuther Dakota Mermis 40 1 2 2
2 John Marino Matthew Finn 30 1 2 2
3 Noah Dobson Austin Strand 20 1 2 2
4 Gavin Bayreuther Dakota Mermis 10 1 2 2
PowerPlay Forward
Center Left Wing Right Wing Time % Phy DF OF
1 Adam Brooks Iven Barbashev Mathew Barzal 60 1 2 2
2 Denis Malgin Eetu Luostarinen Max Gortz 40 1 2 2
PowerPlay Defense
Defense Defense Time % Phy DF OF
1 Gavin Bayreuther Dakota Mermis 60 1 2 2
2 John Marino Matthew Finn 40 1 2 2
Penalty Kill 4 Players Forward
Center Wing Time % Phy DF OF
1 Adam Brooks Iven Barbashev 60 1 2 2
2 Denis Malgin Eetu Luostarinen 40 1 2 2
Penalty Kill 4 Players Defense
Defense Defense Time % Phy DF OF
1 Gavin Bayreuther Dakota Mermis 60 1 2 2
2 John Marino Matthew Finn 40 1 2 2
Penalty Kill - 3 Players Forward
Forward Time % Phy DF OF
1 Adam Brooks 60 1 2 2
2 Denis Malgin 40 1 2 2
Penalty Kill - 3 Players Defense
Defense Defense Time % Phy DF OF
1 Gavin Bayreuther Dakota Mermis 60 1 2 2
2 John Marino Matthew Finn 40 1 2 2
4 vs 4 Forward
Center Wing Time % Phy DF OF
1 Adam Brooks Iven Barbashev 60 1 2 2
2 Denis Malgin Eetu Luostarinen 40 1 2 2
4 vs 4 Defense
Defense Defense Time % Phy DF OF
1 Gavin Bayreuther Dakota Mermis 60 1 2 2
2 John Marino Matthew Finn 40 1 2 2
Last Minutes Offensive
Center Left Wing Right Wing Defense Defense
Adam Brooks Iven Barbashev Mathew Barzal Gavin Bayreuther Dakota Mermis
Last Minutes Defensive
Center Left Wing Right Wing Defense Defense
Adam Brooks Iven Barbashev Mathew Barzal Gavin Bayreuther Dakota Mermis
Goaltenders
Starting : Jeremy Swayman
Backup : Anthony Stolarz
Extra Forwards
Normal : Max Gortz, Sam Kurker, Denis Malgin - PP : Max Gortz, Sam Kurker - PK : Max Gortz
Extra Defensemen
Normal : Matthew Finn, Noah Dobson, Austin Strand - PP : Matthew Finn - PK : Matthew Finn, Noah Dobson
Penalty Shots
Mathew Barzal, Iven Barbashev, Eetu Luostarinen, Adam Brooks, Max Gortz
Custom OT Lines Forwards
Mathew Barzal, Iven Barbashev, Eetu Luostarinen, Adam Brooks, Max Gortz, Sam Kurker, Denis Malgin, Jeff Malott, Jesper Boqvist, Philipp Kurashev
Custom OT Lines Defensemen
Gavin Bayreuther, Dakota Mermis, John Marino, Matthew Finn, Noah Dobson
Scratches
Brett Pollock (Healthy), Josh Ho-Sang (Healthy), Juuso Ikonen (Healthy), Ryan MacInnis (Healthy), Steven Spinner (Healthy)
Shawn Boudrias (Healthy), Zachary Bouthillier (Healthy)
Sound Tigers
5 vs 5 Forward
Center Left Wing Right Wing Time % Phy DF OF
1 Joe Labate Jordan Greenway Austin Watson 40 1 2 2
2 Pavel Kraskovsky Ben Thomson Alex Belzile 30 1 2 2
3 Rhett Gardner Tyrell Goulbourne Brett Connolly 20 1 2 2
4 Garret Pilon Filip Zadina Ross Colton 10 1 2 2
5 vs 5 Defense
Defense Defense Time % Phy DF OF
1 Oliver Kylington Slater Koekkoek 40 1 2 2
2 Nick Blankenburg Alexander Yelesin 30 1 2 2
3 Jakub Galvas Simon Benoit 20 1 2 2
4 Oliver Kylington Slater Koekkoek 10 1 2 2
PowerPlay Forward
Center Left Wing Right Wing Time % Phy DF OF
1 Joe Labate Jordan Greenway Austin Watson 60 1 2 2
2 Pavel Kraskovsky Ben Thomson Alex Belzile 40 1 2 2
PowerPlay Defense
Defense Defense Time % Phy DF OF
1 Oliver Kylington Slater Koekkoek 60 1 2 2
2 Nick Blankenburg Alexander Yelesin 40 1 2 2
Penalty Kill 4 Players Forward
Center Wing Time % Phy DF OF
1 Joe Labate Jordan Greenway 60 1 2 2
2 Pavel Kraskovsky Ben Thomson 40 1 2 2
Penalty Kill 4 Players Defense
Defense Defense Time % Phy DF OF
1 Oliver Kylington Slater Koekkoek 60 1 2 2
2 Nick Blankenburg Alexander Yelesin 40 1 2 2
Penalty Kill - 3 Players Forward
Forward Time % Phy DF OF
1 Joe Labate 60 1 2 2
2 Pavel Kraskovsky 40 1 2 2
Penalty Kill - 3 Players Defense
Defense Defense Time % Phy DF OF
1 Oliver Kylington Slater Koekkoek 60 1 2 2
2 Nick Blankenburg Alexander Yelesin 40 1 2 2
4 vs 4 Forward
Center Wing Time % Phy DF OF
1 Joe Labate Jordan Greenway 60 1 2 2
2 Pavel Kraskovsky Ben Thomson 40 1 2 2
4 vs 4 Defense
Defense Defense Time % Phy DF OF
1 Oliver Kylington Slater Koekkoek 60 1 2 2
2 Nick Blankenburg Alexander Yelesin 40 1 2 2
Last Minutes Offensive
Center Left Wing Right Wing Defense Defense
Joe Labate Jordan Greenway Austin Watson Oliver Kylington Slater Koekkoek
Last Minutes Defensive
Center Left Wing Right Wing Defense Defense
Joe Labate Jordan Greenway Austin Watson Oliver Kylington Slater Koekkoek
Goaltenders
Starting : Charlie Lindgren
Backup : Chris Driedger
Extra Forwards
Normal : Joe Labate, Pavel Kraskovsky, Brett Connolly - PP : Joe Labate, Pavel Kraskovsky - PK : Joe Labate
Extra Defensemen
Normal : Alexander Yelesin, Jakub Galvas, Simon Benoit - PP : Alexander Yelesin - PK : Alexander Yelesin, Jakub Galvas
Penalty Shots
Jordan Greenway, Ben Thomson, Austin Watson, Alex Belzile, Joe Labate
Custom OT Lines Forwards
Jordan Greenway, Ben Thomson, Austin Watson, Alex Belzile, Joe Labate, Pavel Kraskovsky, Brett Connolly, Ross Colton, Rhett Gardner, Tyrell Goulbourne
Custom OT Lines Defensemen
Oliver Kylington, Slater Koekkoek, Nick Blankenburg, Alexander Yelesin, Jakub Galvas
Scratches
Connor Dewar (Healthy), Alex Steeves (Healthy), Noah Cates (Healthy), Casey Staum (Healthy), Cole Koepke (Healthy)
Sean Maguire (Healthy)
% Time on Ice - Penguins
Lines # - Real PCT - Wanted PCT - Time Play
Normal Forward
1 - 32% - 40% - 14:52
2 - 29% - 30% - 13:38
3 - 23% - 20% - 10:50
4 - 16% - 10% - 7:36
Normal Defense
1 - 41% - 40% - 19:26
2 - 32% - 30% - 15:14
3 - 23% - 20% - 10:39
4 - 3% - 10% - 1:37
PP Forward
1 - 59% - 60% - 6:25
2 - 41% - 40% - 4:23
PP Defense
1 - 62% - 60% - 6:40
2 - 38% - 40% - 4:08
PK Forward
1 - 88% - 60% - 1:59
2 - 13% - 40% - 0:17
PK Defense
1 - 60% - 60% - 1:22
2 - 40% - 40% - 0:54
PK3 Forward
1 - 0% - 60%
2 - 0% - 40%
PK3 Defense
1 - 0% - 60%
2 - 0% - 40%
44 Forward
1 - 0% - 60%
2 - 0% - 40%
44 Defense
1 - 0% - 60%
2 - 0% - 40%
Last Minute Offensive - 0:00
Last Minute Defensive - 0:00
Total
Forward - 60:00
Defense - 60:00
|
% Time on Ice - Sound Tigers
Lines # - Real PCT - Wanted PCT - Time Play
Normal Forward
1 - 34% - 40% - 15:57
2 - 25% - 30% - 11:47
3 - 25% - 20% - 11:32
4 - 16% - 10% - 7:40
Normal Defense
1 - 41% - 40% - 19:12
2 - 29% - 30% - 13:32
3 - 26% - 20% - 12:00
4 - 5% - 10% - 2:12
PP Forward
1 - 57% - 60% - 1:18
2 - 43% - 40% - 0:58
PP Defense
1 - 63% - 60% - 1:26
2 - 37% - 40% - 0:50
PK Forward
1 - 88% - 60% - 9:27
2 - 13% - 40% - 1:21
PK Defense
1 - 78% - 60% - 8:28
2 - 22% - 40% - 2:20
PK3 Forward
1 - 0% - 60%
2 - 0% - 40%
PK3 Defense
1 - 0% - 60%
2 - 0% - 40%
44 Forward
1 - 0% - 60%
2 - 0% - 40%
44 Defense
1 - 0% - 60%
2 - 0% - 40%
Last Minute Offensive - 0:00
Last Minute Defensive - 0:00
Total
Forward - 60:00
Defense - 60:00
|
Play-by-Play
1st period
0:01 of 1st period - Adam Brooks wins face-off versus Joe Labate in neutral zone.
0:04 of 1st period - Austin Watson is hit by Iven Barbashev and loses puck.
1:55 of 1st period - Wrist shot by Rhett Gardner.
1:55 of 1st period - Shot Misses the Net.
2:30 of 1st period - Adam Brooks is hit by Jordan Greenway and loses puck.
2:53 of 1st period - Dakota Mermis is hit by Ben Thomson.
3:06 of 1st period - Alexander Yelesin is hit by Kevin Stenlund and loses puck.
3:24 of 1st period - Snap shot by Denis Malgin.
3:24 of 1st period - Shot Blocked by Nick Blankenburg.
3:44 of 1st period - Wrist shot by Iven Barbashev.
3:44 of 1st period - Stopped by Charlie Lindgren with a rebound.
3:46 of 1st period - Snap shot by Mathew Barzal.
3:46 of 1st period - Shot Blocked by Jakub Galvas.
3:48 of 1st period - Snap shot by John Marino.
3:48 of 1st period - Stopped by Charlie Lindgren with a rebound.
4:00 of 1st period - Snap shot by Joe Labate.
4:00 of 1st period - Stopped by Jeremy Swayman with a rebound.
4:02 of 1st period - Backhand shot by Joe Labate.
4:02 of 1st period - Stopped by Jeremy Swayman with a rebound.
4:30 of 1st period - Slapshot by Gavin Bayreuther.
4:30 of 1st period - Stopped by Charlie Lindgren with a rebound.
4:32 of 1st period - Slapshot by Gavin Bayreuther.
4:32 of 1st period - Shot Blocked by Simon Benoit.
4:48 of 1st period - Wrist shot by Ross Colton.
4:48 of 1st period - Stopped by Jeremy Swayman with a rebound.
4:50 of 1st period - Slapshot by Jakub Galvas.
4:50 of 1st period - Shot Blocked by John Marino.
4:52 of 1st period - Slapshot by Jakub Galvas.
4:52 of 1st period - Deflect By Iven Barbashev.
4:52 of 1st period - Stopped by Jeremy Swayman with a rebound.
5:21 of 1st period - Off-side.
5:22 of 1st period - Ben Thomson wins face-off versus Denis Malgin in neutral zone.
5:31 of 1st period - Wrist shot by Max Gortz.
5:31 of 1st period - Stopped by Charlie Lindgren without a rebound.
5:32 of 1st period - Adam Brooks wins face-off versus Joe Labate in Sound Tigers zone.
5:39 of 1st period - Snap shot by Joe Labate.
5:39 of 1st period - Shot Misses the Net.
5:47 of 1st period - Wrist shot by Joe Labate.
5:47 of 1st period - Stopped by Jeremy Swayman without a rebound.
5:48 of 1st period - Denis Malgin wins face-off versus Pavel Kraskovsky in Penguins zone.
6:40 of 1st period - Gavin Bayreuther is hit by Nick Blankenburg and loses puck.
7:23 of 1st period - Slapshot by Pavel Kraskovsky.
7:23 of 1st period - Stopped by Jeremy Swayman without a rebound.
7:24 of 1st period - Joe Labate wins face-off versus Adam Brooks in Penguins zone.
7:54 of 1st period - Snap shot by Denis Malgin.
7:54 of 1st period - Shot Misses the Net.
8:34 of 1st period - Wrist shot by Adam Brooks.
8:34 of 1st period - Stopped by Charlie Lindgren without a rebound.
8:35 of 1st period - Jordan Greenway wins face-off versus Adam Brooks in Sound Tigers zone.
8:35 of 1st period - Jordan Greenway is hit by Adam Brooks.
9:24 of 1st period - Snap shot by Iven Barbashev.
9:24 of 1st period - Stopped by Charlie Lindgren with a rebound.
9:36 of 1st period - Snap shot by Austin Watson.
9:36 of 1st period - Stopped by Jeremy Swayman without a rebound.
9:37 of 1st period - Eetu Luostarinen wins face-off versus Pavel Kraskovsky in Penguins zone.
10:27 of 1st period - Slapshot by Oliver Kylington.
10:27 of 1st period - Stopped by Jeremy Swayman with a rebound.
10:45 of 1st period - Slapshot by Denis Malgin.
10:45 of 1st period - Shot Misses the Net.
11:45 of 1st period - Off-side.
11:46 of 1st period - Pavel Kraskovsky wins face-off versus Denis Malgin in neutral zone.
11:49 of 1st period - Slapshot by Alex Belzile.
11:49 of 1st period - Shot Misses the Net.
11:52 of 1st period - Icing by Eetu Luostarinen.
11:53 of 1st period - Jordan Greenway wins face-off versus Denis Malgin in Penguins zone.
12:23 of 1st period - Wrist shot by Max Gortz.
12:23 of 1st period - Shot Blocked by Pavel Kraskovsky.
12:27 of 1st period - Wrist shot by Denis Malgin.
12:27 of 1st period - Shot Misses the Net.
12:33 of 1st period - Wrist shot by Max Gortz.
12:33 of 1st period - Shot Misses the Net.
12:35 of 1st period - Slapshot by Austin Strand.
12:35 of 1st period - Deflect By Max Gortz.
12:35 of 1st period - Deflect By Pavel Kraskovsky.
12:35 of 1st period - Shot Blocked by Nick Blankenburg.
12:35 of 1st period - Puck is out of play.
12:36 of 1st period - Adam Brooks wins face-off versus Joe Labate in Sound Tigers zone.
12:46 of 1st period - Minor Penalty to Austin Watson for Hooking.
12:47 of 1st period - Adam Brooks wins face-off versus Joe Labate in Sound Tigers zone.
14:46 of 1st period - Penalty to Austin Watson is over, Austin Watson is back on ice.
15:58 of 1st period - Matthew Finn is hit by Ben Thomson and loses puck.
16:25 of 1st period - Snap shot by Rhett Gardner.
16:25 of 1st period - Shot Misses the Net.
16:54 of 1st period - Icing by Nick Blankenburg.
16:55 of 1st period - Kevin Stenlund wins face-off versus Garret Pilon in Sound Tigers zone.
18:37 of 1st period - Wrist shot by Eetu Luostarinen.
18:37 of 1st period - Shot Blocked by Slater Koekkoek.
18:41 of 1st period - Wrist shot by Max Gortz.
18:41 of 1st period - Shot Misses the Net.
18:43 of 1st period - Snap shot by Max Gortz.
18:43 of 1st period - Stopped by Charlie Lindgren without a rebound.
18:44 of 1st period - Denis Malgin wins face-off versus Joe Labate in Sound Tigers zone.
18:44 of 1st period - Denis Malgin is hit by Simon Benoit.
19:16 of 1st period - Wrist shot by Eetu Luostarinen.
19:16 of 1st period - Stopped by Charlie Lindgren without a rebound.
19:17 of 1st period - Pavel Kraskovsky wins face-off versus Mathew Barzal in Sound Tigers zone.
Goals for this period are 0 for Penguins vs 0 for Sound Tigers.
Shots for this period are 8 for Penguins vs 8 for Sound Tigers.
2nd period
0:01 of 2nd period - Joe Labate wins face-off versus Adam Brooks in neutral zone.
0:16 of 2nd period - Snap shot by Jordan Greenway.
0:16 of 2nd period - Stopped by Jeremy Swayman with a rebound.
0:23 of 2nd period - Icing by Dakota Mermis.
0:24 of 2nd period - Pavel Kraskovsky wins face-off versus Adam Brooks in Penguins zone.
0:25 of 2nd period - Slapshot by Alex Belzile.
0:25 of 2nd period - Shot Blocked by Iven Barbashev.
0:31 of 2nd period - Slapshot by Dakota Mermis.
0:31 of 2nd period - Stopped by Charlie Lindgren with a rebound.
0:33 of 2nd period - Snap shot by Adam Brooks.
0:33 of 2nd period - Stopped by Charlie Lindgren without a rebound.
0:34 of 2nd period - Pavel Kraskovsky wins face-off versus Denis Malgin in Sound Tigers zone.
0:41 of 2nd period - Slapshot by Alex Belzile.
0:41 of 2nd period - Stopped by Jeremy Swayman with a rebound.
1:01 of 2nd period - Gavin Bayreuther is hit by Nick Blankenburg and loses puck.
1:26 of 2nd period - Slapshot by Philipp Kurashev.
1:26 of 2nd period - Shot Misses the Net.
1:28 of 2nd period - Snap shot by Matthew Finn.
1:28 of 2nd period - Deflect By Alexander Yelesin.
1:28 of 2nd period - Stopped by Charlie Lindgren without a rebound.
1:29 of 2nd period - Adam Brooks wins face-off versus Joe Labate in Sound Tigers zone.
1:50 of 2nd period - Minor Penalty to Austin Watson for Slashing.
1:51 of 2nd period - Adam Brooks wins face-off versus Joe Labate in Sound Tigers zone.
2:00 of 2nd period - Wrist shot by Mathew Barzal.
2:00 of 2nd period - Deflect By Oliver Kylington.
2:00 of 2nd period - Stopped by Charlie Lindgren without a rebound.
2:01 of 2nd period - Joe Labate wins face-off versus Adam Brooks in Sound Tigers zone.
2:18 of 2nd period - Snap shot by Mathew Barzal.
2:18 of 2nd period - Goal by Mathew Barzal - Penguins : 1 - Sound Tigers : 0.
2:19 of 2nd period - Adam Brooks wins face-off versus Joe Labate in neutral zone.
2:24 of 2nd period - Wrist shot by Iven Barbashev.
2:24 of 2nd period - Stopped by Charlie Lindgren with a rebound.
2:46 of 2nd period - Alex Belzile is hit by Max Gortz.
3:06 of 2nd period - Slapshot by John Marino.
3:06 of 2nd period - Shot Blocked by Simon Benoit.
3:08 of 2nd period - Snap shot by John Marino.
3:08 of 2nd period - Shot Blocked by Tyrell Goulbourne.
3:10 of 2nd period - Snap shot by Philipp Kurashev.
3:10 of 2nd period - Stopped by Charlie Lindgren without a rebound.
3:11 of 2nd period - Iven Barbashev wins face-off versus Joe Labate in Sound Tigers zone.
3:12 of 2nd period - Snap shot by Mathew Barzal.
3:12 of 2nd period - Stopped by Charlie Lindgren with a rebound.
3:25 of 2nd period - Snap shot by Mathew Barzal.
3:25 of 2nd period - Stopped by Charlie Lindgren with a rebound.
4:50 of 2nd period - Slapshot by Oliver Kylington.
4:50 of 2nd period - Stopped by Jeremy Swayman without a rebound.
4:51 of 2nd period - Joe Labate wins face-off versus Adam Brooks in Penguins zone.
4:52 of 2nd period - Wrist shot by Austin Watson.
4:52 of 2nd period - Stopped by Jeremy Swayman with a rebound.
4:58 of 2nd period - Slapshot by Gavin Bayreuther.
4:58 of 2nd period - Stopped by Charlie Lindgren with a rebound.
5:00 of 2nd period - Wrist shot by Gavin Bayreuther.
5:00 of 2nd period - Shot Misses the Net.
5:28 of 2nd period - Wrist shot by Pavel Kraskovsky.
5:28 of 2nd period - Stopped by Jeremy Swayman without a rebound.
5:29 of 2nd period - Adam Brooks wins face-off versus Rhett Gardner in Penguins zone.
5:47 of 2nd period - Icing by Mathew Barzal.
5:48 of 2nd period - Joe Labate wins face-off versus Iven Barbashev in Penguins zone.
5:57 of 2nd period - Snap shot by Jordan Greenway.
5:57 of 2nd period - Deflect By Joe Labate.
5:57 of 2nd period - Stopped by Jeremy Swayman without a rebound.
5:58 of 2nd period - Denis Malgin wins face-off versus Joe Labate in Penguins zone.
5:58 of 2nd period - Denis Malgin is hit by Austin Watson.
6:10 of 2nd period - Slapshot by Austin Watson.
6:10 of 2nd period - Stopped by Jeremy Swayman with a rebound.
6:24 of 2nd period - Slapshot by Oliver Kylington.
6:24 of 2nd period - Shot Misses the Net.
6:42 of 2nd period - Slapshot by Jordan Greenway.
6:42 of 2nd period - Goal by Jordan Greenway - Penguins : 1 - Sound Tigers : 1.
6:43 of 2nd period - Pavel Kraskovsky wins face-off versus Adam Brooks in neutral zone.
7:09 of 2nd period - Sam Kurker is hit by Brett Connolly and loses puck.
7:54 of 2nd period - Snap shot by Gavin Bayreuther.
7:54 of 2nd period - Shot Blocked by Simon Benoit.
8:10 of 2nd period - Wrist shot by Ross Colton.
8:10 of 2nd period - Shot Misses the Net.
8:12 of 2nd period - Slapshot by Simon Benoit.
8:12 of 2nd period - Shot Misses the Net.
8:14 of 2nd period - Slapshot by Jakub Galvas.
8:14 of 2nd period - Deflect By Pavel Kraskovsky.
8:14 of 2nd period - Stopped by Jeremy Swayman without a rebound.
8:15 of 2nd period - Pavel Kraskovsky wins face-off versus Iven Barbashev in Penguins zone.
8:24 of 2nd period - Wrist shot by Oliver Kylington.
8:24 of 2nd period - Shot Misses the Net.
8:26 of 2nd period - Wrist shot by Oliver Kylington.
8:26 of 2nd period - Shot Misses the Net.
8:28 of 2nd period - Slapshot by Slater Koekkoek.
8:28 of 2nd period - Stopped by Jeremy Swayman without a rebound.
8:29 of 2nd period - Joe Labate wins face-off versus Adam Brooks in Penguins zone.
8:56 of 2nd period - Max Gortz is hit by Ben Thomson and loses puck.
9:03 of 2nd period - Snap shot by Pavel Kraskovsky.
9:03 of 2nd period - Deflect By Gavin Bayreuther.
9:03 of 2nd period - Shot Misses the Net.
9:03 of 2nd period - Puck is out of play.
9:04 of 2nd period - Iven Barbashev wins face-off versus Joe Labate in Penguins zone.
9:13 of 2nd period - Wrist shot by Joe Labate.
9:13 of 2nd period - Shot Blocked by Matthew Finn.
9:15 of 2nd period - Slapshot by Austin Watson.
9:15 of 2nd period - Shot Misses the Net.
9:17 of 2nd period - Snap shot by Joe Labate.
9:17 of 2nd period - Stopped by Jeremy Swayman without a rebound.
9:18 of 2nd period - Adam Brooks wins face-off versus Pavel Kraskovsky in Penguins zone.
9:30 of 2nd period - Icing by Adam Brooks.
9:31 of 2nd period - Adam Brooks wins face-off versus Austin Watson in Penguins zone.
10:15 of 2nd period - Minor Penalty to Oliver Kylington for Tripping.
10:16 of 2nd period - Joe Labate wins face-off versus Denis Malgin in Sound Tigers zone.
10:16 of 2nd period - Joe Labate is hit by Denis Malgin.
10:47 of 2nd period - John Marino is hit by Jakub Galvas and loses puck.
12:15 of 2nd period - Penalty to Oliver Kylington is over, Oliver Kylington is back on ice.
12:41 of 2nd period - Jesper Boqvist is hit by Ross Colton.
12:51 of 2nd period - Wrist shot by Ross Colton.
12:51 of 2nd period - Shot Misses the Net.
14:01 of 2nd period - Joe Labate is hit by Max Gortz and loses puck.
14:46 of 2nd period - Wrist shot by Mathew Barzal.
14:46 of 2nd period - Shot Blocked by Oliver Kylington.
15:25 of 2nd period - Icing by Ben Thomson.
15:26 of 2nd period - Pavel Kraskovsky wins face-off versus Iven Barbashev in Sound Tigers zone.
15:34 of 2nd period - Off-side.
15:35 of 2nd period - Denis Malgin wins face-off versus Garret Pilon in neutral zone.
16:00 of 2nd period - Wrist shot by Sam Kurker.
16:00 of 2nd period - Stopped by Charlie Lindgren without a rebound.
16:01 of 2nd period - Philipp Kurashev wins face-off versus Joe Labate in Sound Tigers zone.
16:28 of 2nd period - Mathew Barzal is hit by Oliver Kylington and loses puck.
16:37 of 2nd period - Snap shot by Iven Barbashev.
16:37 of 2nd period - Stopped by Charlie Lindgren with a rebound.
16:50 of 2nd period - Off-side.
16:51 of 2nd period - Denis Malgin wins face-off versus Rhett Gardner in neutral zone.
17:12 of 2nd period - Snap shot by Tyrell Goulbourne.
17:12 of 2nd period - Stopped by Jeremy Swayman with a rebound.
17:14 of 2nd period - Slapshot by Simon Benoit.
17:14 of 2nd period - Stopped by Jeremy Swayman with a rebound.
18:07 of 2nd period - Off-side.
18:08 of 2nd period - Adam Brooks wins face-off versus Joe Labate in neutral zone.
18:08 of 2nd period - Gavin Bayreuther is hit by Austin Watson and loses puck.
18:18 of 2nd period - Off-side.
18:19 of 2nd period - Joe Labate wins face-off versus Mathew Barzal in neutral zone.
18:21 of 2nd period - Minor Penalty to Jordan Greenway for Roughing.
18:22 of 2nd period - Joe Labate wins face-off versus Adam Brooks in Sound Tigers zone.
18:22 of 2nd period - Joe Labate is hit by Gavin Bayreuther.
18:31 of 2nd period - Ben Thomson is hit by Mathew Barzal and loses puck.
Goals for this period are 1 for Penguins vs 1 for Sound Tigers.
Shots for this period are 12 for Penguins vs 13 for Sound Tigers.
3rd period
0:01 of 3rd period - Joe Labate wins face-off versus Adam Brooks in neutral zone.
0:06 of 3rd period - Slapshot by Ben Thomson.
0:06 of 3rd period - Deflect By Joe Labate.
0:06 of 3rd period - Shot Misses the Net.
0:06 of 3rd period - Puck is out of play.
0:07 of 3rd period - Joe Labate wins face-off versus Adam Brooks in Penguins zone.
0:10 of 3rd period - Wrist shot by Ben Thomson.
0:10 of 3rd period - Shot Misses the Net.
0:21 of 3rd period - Penalty to Jordan Greenway is over, Jordan Greenway is back on ice.
0:32 of 3rd period - Eetu Luostarinen is hit by Tyrell Goulbourne and loses puck.
1:13 of 3rd period - Dakota Mermis is hit by Alexander Yelesin and loses puck.
1:44 of 3rd period - Wrist shot by Pavel Kraskovsky.
1:44 of 3rd period - Shot Blocked by Matthew Finn.
2:44 of 3rd period - Wrist shot by Jordan Greenway.
2:44 of 3rd period - Shot Blocked by Kevin Stenlund.
2:46 of 3rd period - Slapshot by Joe Labate.
2:46 of 3rd period - Deflect By Austin Watson.
2:46 of 3rd period - Shot Misses the Net.
2:46 of 3rd period - Puck is out of play.
2:47 of 3rd period - Adam Brooks wins face-off versus Ben Thomson in Penguins zone.
2:47 of 3rd period - Adam Brooks is hit by Oliver Kylington.
2:59 of 3rd period - Alex Belzile is hit by Adam Brooks and loses puck.
3:12 of 3rd period - Eetu Luostarinen is hit by Austin Watson and loses puck.
3:19 of 3rd period - Jordan Greenway is hit by Max Gortz and loses puck.
3:38 of 3rd period - Slapshot by Jesper Boqvist.
3:38 of 3rd period - Shot Misses the Net.
4:45 of 3rd period - Wrist shot by Max Gortz.
4:45 of 3rd period - Deflect By Denis Malgin.
4:45 of 3rd period - Shot Misses the Net.
4:45 of 3rd period - Puck is out of play.
4:46 of 3rd period - Pavel Kraskovsky wins face-off versus Denis Malgin in Sound Tigers zone.
6:08 of 3rd period - Snap shot by Jesper Boqvist.
6:08 of 3rd period - Shot Misses the Net.
6:10 of 3rd period - Backhand shot by Kevin Stenlund.
6:10 of 3rd period - Deflect By Jesper Boqvist.
6:10 of 3rd period - Shot Blocked by Simon Benoit.
6:10 of 3rd period - Puck is out of play.
6:11 of 3rd period - Joe Labate wins face-off versus Kevin Stenlund in Sound Tigers zone.
6:31 of 3rd period - Double Minor Penalty to Oliver Kylington for Roughing.
6:32 of 3rd period - Joe Labate wins face-off versus Iven Barbashev in Sound Tigers zone.
6:40 of 3rd period - Jordan Greenway is hit by Adam Brooks and loses puck.
7:01 of 3rd period - Slapshot by Dakota Mermis.
7:01 of 3rd period - Shot Blocked by Pavel Kraskovsky.
9:58 of 3rd period - Alexander Yelesin is hit by Jesper Boqvist and loses puck.
10:31 of 3rd period - Penalty to Oliver Kylington is over, Oliver Kylington is back on ice.
10:46 of 3rd period - Ross Colton is hit by Sampo Ranta and loses puck.
11:07 of 3rd period - Austin Watson is hit by Sam Kurker and loses puck.
11:40 of 3rd period - Philipp Kurashev is hit by Garret Pilon and loses puck.
11:47 of 3rd period - Snap shot by Brett Connolly.
11:47 of 3rd period - Deflect By Garret Pilon.
11:47 of 3rd period - Stopped by Jeremy Swayman with a rebound.
11:55 of 3rd period - Minor Penalty to Matthew Finn for Interference.
11:56 of 3rd period - Adam Brooks wins face-off versus Joe Labate in Penguins zone.
12:09 of 3rd period - Wrist shot by Slater Koekkoek.
12:09 of 3rd period - Shot Blocked by Iven Barbashev.
12:32 of 3rd period - Iven Barbashev is hit by Ben Thomson and loses puck.
12:47 of 3rd period - Denis Malgin is hit by Jordan Greenway and loses puck.
13:37 of 3rd period - Ben Thomson is hit by Gavin Bayreuther and loses puck.
13:55 of 3rd period - Penalty to Matthew Finn is over, Matthew Finn is back on ice.
14:00 of 3rd period - Slapshot by Matthew Finn.
14:00 of 3rd period - Shot Blocked by Slater Koekkoek.
14:10 of 3rd period - Slapshot by Rhett Gardner.
14:10 of 3rd period - Deflect By Brett Connolly.
14:10 of 3rd period - Shot Hit the Post.
14:10 of 3rd period - Puck is out of play.
14:11 of 3rd period - Garret Pilon wins face-off versus Philipp Kurashev in Penguins zone.
14:12 of 3rd period - Snap shot by Filip Zadina.
14:12 of 3rd period - Deflect By Ross Colton.
14:12 of 3rd period - Shot Blocked by Jeff Malott.
14:12 of 3rd period - Puck is out of play.
14:13 of 3rd period - Philipp Kurashev wins face-off versus Garret Pilon in Penguins zone.
14:26 of 3rd period - Slapshot by Sam Kurker.
14:26 of 3rd period - Shot Blocked by Simon Benoit.
14:28 of 3rd period - Minor Penalty to Garret Pilon for Tripping.
14:29 of 3rd period - Adam Brooks wins face-off versus Joe Labate in Sound Tigers zone.
14:36 of 3rd period - Wrist shot by Iven Barbashev.
14:36 of 3rd period - Stopped by Charlie Lindgren without a rebound.
14:37 of 3rd period - Joe Labate wins face-off versus Adam Brooks in Sound Tigers zone.
14:50 of 3rd period - Slapshot by Gavin Bayreuther.
14:50 of 3rd period - Shot Blocked by Oliver Kylington.
14:52 of 3rd period - Snap shot by Iven Barbashev.
14:52 of 3rd period - Goal by Iven Barbashev - Penguins : 2 - Sound Tigers : 1.
14:53 of 3rd period - Joe Labate wins face-off versus Iven Barbashev in neutral zone.
15:06 of 3rd period - Slapshot by Jordan Greenway.
15:06 of 3rd period - Shot Misses the Net.
15:08 of 3rd period - Wrist shot by Joe Labate.
15:08 of 3rd period - Goal by Joe Labate - Penguins : 2 - Sound Tigers : 2.
15:09 of 3rd period - Philipp Kurashev wins face-off versus Joe Labate in neutral zone.
15:14 of 3rd period - Slapshot by Gavin Bayreuther.
15:14 of 3rd period - Stopped by Charlie Lindgren without a rebound.
15:15 of 3rd period - Joe Labate wins face-off versus Sam Kurker in Sound Tigers zone.
15:15 of 3rd period - Joe Labate is hit by Jeff Malott.
15:25 of 3rd period - Snap shot by Philipp Kurashev.
15:25 of 3rd period - Shot Misses the Net.
15:27 of 3rd period - Snap shot by Sam Kurker.
15:27 of 3rd period - Stopped by Charlie Lindgren without a rebound.
15:28 of 3rd period - Philipp Kurashev wins face-off versus Joe Labate in Sound Tigers zone.
15:53 of 3rd period - Slater Koekkoek is hit by Dakota Mermis and loses puck.
16:18 of 3rd period - Snap shot by Max Gortz.
16:18 of 3rd period - Shot Misses the Net.
16:20 of 3rd period - Wrist shot by Eetu Luostarinen.
16:20 of 3rd period - Goal by Eetu Luostarinen - Penguins : 3 - Sound Tigers : 2.
16:21 of 3rd period - Philipp Kurashev wins face-off versus Rhett Gardner in neutral zone.
16:32 of 3rd period - Slapshot by Sam Kurker.
16:32 of 3rd period - Shot Misses the Net.
16:34 of 3rd period - Slapshot by Matthew Finn.
16:34 of 3rd period - Deflect By Brett Connolly.
16:34 of 3rd period - Stopped by Charlie Lindgren with a rebound.
16:48 of 3rd period - Joe Labate is hit by Eetu Luostarinen and loses puck.
17:01 of 3rd period - Snap shot by Joe Labate.
17:01 of 3rd period - Shot Misses the Net.
17:13 of 3rd period - Adam Brooks is hit by Alexander Yelesin and loses puck.
17:40 of 3rd period - Wrist shot by Jesper Boqvist.
17:40 of 3rd period - Deflect By Kevin Stenlund.
17:40 of 3rd period - Shot Blocked by Filip Zadina.
17:40 of 3rd period - Puck is out of play.
17:41 of 3rd period - Philipp Kurashev wins face-off versus Brett Connolly in Sound Tigers zone.
17:57 of 3rd period - Minor Penalty to Jeff Malott for High sticking.
17:58 of 3rd period - Adam Brooks wins face-off versus Joe Labate in Penguins zone.
18:12 of 3rd period - Slapshot by Slater Koekkoek.
18:12 of 3rd period - Stopped by Jeremy Swayman with a rebound.
18:14 of 3rd period - Snap shot by Joe Labate.
18:14 of 3rd period - Goal by Joe Labate - Penguins : 3 - Sound Tigers : 3.
18:15 of 3rd period - Rhett Gardner wins face-off versus Philipp Kurashev in neutral zone.
18:30 of 3rd period - Wrist shot by Brett Connolly.
18:30 of 3rd period - Shot Misses the Net.
18:40 of 3rd period - Slater Koekkoek is hit by Adam Brooks and loses puck.
19:03 of 3rd period - Slapshot by Denis Malgin.
19:03 of 3rd period - Stopped by Charlie Lindgren with a rebound.
19:05 of 3rd period - Slapshot by Austin Strand.
19:05 of 3rd period - Shot Hit the Post.
19:07 of 3rd period - Backhand shot by Eetu Luostarinen.
19:07 of 3rd period - Stopped by Charlie Lindgren with a rebound.
19:09 of 3rd period - Slapshot by Noah Dobson.
19:09 of 3rd period - Stopped by Charlie Lindgren without a rebound.
19:10 of 3rd period - Philipp Kurashev wins face-off versus Rhett Gardner in Sound Tigers zone.
19:19 of 3rd period - Slapshot by Alexander Yelesin.
19:19 of 3rd period - Stopped by Jeremy Swayman without a rebound.
19:20 of 3rd period - Rhett Gardner wins face-off versus Philipp Kurashev in Penguins zone.
19:23 of 3rd period - Snap shot by Tyrell Goulbourne.
19:23 of 3rd period - Stopped by Jeremy Swayman with a rebound.
19:33 of 3rd period - Snap shot by Gavin Bayreuther.
19:33 of 3rd period - Shot Blocked by Brett Connolly.
19:35 of 3rd period - Wrist shot by Jeff Malott.
19:35 of 3rd period - Stopped by Charlie Lindgren without a rebound.
19:36 of 3rd period - Pavel Kraskovsky wins face-off versus Denis Malgin in Sound Tigers zone.
19:43 of 3rd period - Wrist shot by Pavel Kraskovsky.
19:43 of 3rd period - Stopped by Jeremy Swayman with a rebound.
19:45 of 3rd period - Snap shot by Slater Koekkoek.
19:45 of 3rd period - Stopped by Jeremy Swayman without a rebound.
19:46 of 3rd period - Denis Malgin wins face-off versus Pavel Kraskovsky in Penguins zone.
19:57 of 3rd period - Wrist shot by Alex Belzile.
19:57 of 3rd period - Shot Blocked by Max Gortz.
19:59 of 3rd period - Slapshot by Slater Koekkoek.
19:59 of 3rd period - Shot Blocked by Gavin Bayreuther.
Goals for this period are 2 for Penguins vs 2 for Sound Tigers.
Shots for this period are 10 for Penguins vs 8 for Sound Tigers.
Overtime #1
0:01 of 1st overtime period - Ben Thomson wins face-off versus Mathew Barzal in neutral zone.
0:10 of 1st overtime period - Wrist shot by Ben Thomson.
0:10 of 1st overtime period - Shot Blocked by Mathew Barzal.
0:26 of 1st overtime period - Adam Brooks is hit by Austin Watson.
0:59 of 1st overtime period - Off-side.
1:00 of 1st overtime period - Sam Kurker wins face-off versus Pavel Kraskovsky in neutral zone.
1:10 of 1st overtime period - Snap shot by Pavel Kraskovsky.
1:10 of 1st overtime period - Shot Misses the Net.
1:12 of 1st overtime period - Wrist shot by Joe Labate.
1:12 of 1st overtime period - Shot Misses the Net.
1:14 of 1st overtime period - Wrist shot by Joe Labate.
1:14 of 1st overtime period - Shot Misses the Net.
1:16 of 1st overtime period - Snap shot by Oliver Kylington.
1:16 of 1st overtime period - Shot Misses the Net.
1:18 of 1st overtime period - Snap shot by Joe Labate.
1:18 of 1st overtime period - Shot Misses the Net.
1:42 of 1st overtime period - Wrist shot by Gavin Bayreuther.
1:42 of 1st overtime period - Shot Misses the Net.
1:44 of 1st overtime period - Wrist shot by Max Gortz.
1:44 of 1st overtime period - Stopped by Charlie Lindgren without a rebound.
1:45 of 1st overtime period - Ben Thomson wins face-off versus Mathew Barzal in Sound Tigers zone.
1:54 of 1st overtime period - Wrist shot by Mathew Barzal.
1:54 of 1st overtime period - Stopped by Charlie Lindgren without a rebound.
1:55 of 1st overtime period - Ben Thomson wins face-off versus Mathew Barzal in Sound Tigers zone.
2:04 of 1st overtime period - Slapshot by Ben Thomson.
2:04 of 1st overtime period - Stopped by Jeremy Swayman without a rebound.
2:05 of 1st overtime period - Mathew Barzal wins face-off versus Ben Thomson in Penguins zone.
2:10 of 1st overtime period - Snap shot by Mathew Barzal.
2:10 of 1st overtime period - Stopped by Charlie Lindgren with a rebound.
2:59 of 1st overtime period - Off-side.
3:00 of 1st overtime period - Austin Watson wins face-off versus Sam Kurker in neutral zone.
3:30 of 1st overtime period - Ben Thomson is hit by Gavin Bayreuther and loses puck.
4:05 of 1st overtime period - Dakota Mermis is hit by Jordan Greenway and loses puck.
4:23 of 1st overtime period - Snap shot by Pavel Kraskovsky.
4:23 of 1st overtime period - Shot Blocked by Max Gortz.
4:25 of 1st overtime period - Wrist shot by Pavel Kraskovsky.
4:25 of 1st overtime period - Shot Blocked by Max Gortz.
Goals for this period are 0 for Penguins vs 0 for Sound Tigers.
Shots for this period are 3 for Penguins vs 1 for Sound Tigers.
ShootOut
5:00 of 1st overtime period - Round #1.
5:00 of 1st overtime period - Penguins, Mathew Barzal.
5:00 of 1st overtime period - Wrist shot by Mathew Barzal.
5:00 of 1st overtime period - Shot Misses the Net.
5:00 of 1st overtime period - Sound Tigers, Jordan Greenway.
5:00 of 1st overtime period - Backhand shot by Jordan Greenway.
5:00 of 1st overtime period - Goal by Jordan Greenway.
5:00 of 1st overtime period - Round #2.
5:00 of 1st overtime period - Penguins, Iven Barbashev.
5:00 of 1st overtime period - Deke by Iven Barbashev.
5:00 of 1st overtime period - Stopped by Charlie Lindgren.
5:00 of 1st overtime period - Sound Tigers, Ben Thomson.
5:00 of 1st overtime period - Deke by Ben Thomson.
5:00 of 1st overtime period - Goal by Ben Thomson.
5:00 of 1st overtime period - Round #3.